 Dungeon Crawl Stone Soup version 0.31-a0-845-g9abc20d24f (webtiles) character file.

Game seed: 6800462770000739342

37601 Conn the Thaumaturge (level 13, -4/71 HPs)
             Began as an Octopode Fire Elementalist on Oct 1, 2023.
             Was a High Priest of Sif Muna.
             Killed by an exploding elephant (58 damage)
             ... ignited by their inner flame
             ... on level 5 of the Lair of Beasts.
             The game lasted 01:00:20 (20413 turns).

Conn the Thaumaturge (Octopode Fire Elementalist)  Turns: 20413, Time: 01:00:23

Health: -4/71      AC:  9    Str:  7 (8)  XL:     13   Next: 97%
Magic:  11/28      EV: 17    Int: 20      God:    Sif Muna [*****.]
Gold:   2111       SH:  0    Dex: 16      Spells: 4/34 levels left

rFire   . . .        C - staff of Rubbish {rElec rC+ Ice}
rCold   + + .        (no shield)
rNeg    + . .        (helmet restricted)
rPois   .            m - amulet of regeneration
rElec   +            k - +4 ring of protection
rCorr   .            o - +4 ring of protection
SInv    +            A - ring of positive energy
Will    +....        J - ring of protection from cold
Stlth   ++++         K - ring of willpower
HPRegen 1.11/turn    O - ring of see invisible
MPRegen 0.21/turn    (no ring)
                     (no ring)

%: no passive effects
@: sluggish, very slow
A: almost no armour, amphibious, 8 rings, camouflage 1, gelatinous body 1,
(nimble swimmer 1), tentacles, tentacle spike 1, agile 1, deterioration 1
a: Renounce Religion, Channel Magic, Forget Spell, Divine Exegesis


You were on level 5 of the Lair of Beasts.
You worshipped Sif Muna.
Sif Muna was extremely pleased with you.
You visited 3 branches of the dungeon, and saw 16 of its levels.
You also visited: Volcano.

You collected 2111 gold pieces.

Inventory:

Hand Weapons
 c - a +1 dagger
Missiles
 e - 5 curare-tipped darts
Magical Staves
 C - the staff of Rubbish (weapon) {rElec rC+ Ice}
   (You found it on level 8 of the Dungeon)

   [staff of cold]

   Base accuracy: +5 Base damage: 5 Base attack delay: 1.2 This weapon's minimum
   attack delay (0.6) is reached at skill level 12.
   rC+:       It protects you from cold.
   rElec:     It insulates you from electricity.
   Ice:       It increases the power of your Ice spells.
   It falls into the 'Staves' category.
   It is a one-tentacled weapon.
Jewellery
 k - a +4 ring of protection (left tentacle)
 m - an amulet of regeneration (around mantle)
 n - an amulet of guardian spirit
 o - a +4 ring of protection (right tentacle)
 A - a ring of positive energy (on tentacle)
 J - a ring of protection from cold (on tentacle)
 K - a ring of willpower (on tentacle)
 O - a ring of see invisible (on tentacle)
Wands
 s - a wand of iceblast (23)
 v - a wand of mindburst (11)
 x - a wand of polymorph (5)
 z - a wand of flame (21)
 D - a wand of light (7)
 F - a wand of digging (5)
 L - a wand of paralysis (3)
Scrolls
 b - 2 scrolls of blinking
 f - a scroll of poison
 g - 12 scrolls of teleportation
 i - 2 scrolls of noise
 q - 3 scrolls of enchant weapon
 r - 2 scrolls of enchant armour
 t - 2 scrolls of fear
 u - 3 scrolls of immolation
 y - 2 scrolls of brand weapon
 H - 2 scrolls of silence
Potions
 a - 2 potions of magic
 d - 6 potions of curing
 h - 6 potions of lignification
 j - a potion of resistance
 l - 2 potions of degeneration
 p - a potion of berserk rage
 w - a potion of attraction
 B - a potion of brilliance
 E - a potion of might
 G - 2 potions of enlightenment {unknown}
 I - a potion of ambrosia
 N - a potion of heal wounds
Miscellaneous
 M - a lightning rod (3/4)


   Skills:
 - Level 8.3 Dodging
 - Level 6.0 Stealth
 * Level 11.0 Spellcasting
 * Level 10.4 Conjurations
 - Level 3.0 Hexes
 + Level 1.1 Summonings
 + Level 9.1 Fire Magic
 + Level 6.4 Ice Magic
 + Level 7.2 Air Magic
 + Level 1.1 Earth Magic
 * Level 8.8 Invocations
 + Level 2.4 Evocations


You had 4 spell levels left.
You knew the following spells:

 Your Spells              Type           Power      Damage    Failure   Level
a - Foxfire               Conj/Fire      100%       2x1d9     1%          1
b - Scorch                Fire           94%        2d8       1%          2
c - Inner Flame           Hex/Fire       35%        N/A       1%          3
d - Flame Wave            Conj/Fire      50%        2d12      1%          4
e - Airstrike             Air            19%        2d(3-19)  3%          4
f - Summon Lightning Spi  Summ/Air       27%        N/A       11%         4
g - Hailstorm             Conj/Ice       61%        3d13      1%          3
h - Swiftness             Air            39%        N/A       1%          3
i - Ozocubu's Armour      Ice            53%        N/A       1%          3
j - Stone Arrow           Conj/Erth      68%        3d11      1%          3

Your spell library contained the following spells:

 Spells                   Type           Power      Damage    Failure   Level
 Freeze                   Ice            100%       1d10      1%          1
 Slow                     Hex            92%        N/A       1%          1
 Ensorcelled Hibernation  Hex/Ice        88%        N/A       1%          2
 Static Discharge         Conj/Air       92%        2-6/arc   1%          2
 Frozen Ramparts          Ice            100%       1d16      1%          3
 Jinxbite                 Hex            46%        N/A       2%          2
 Poisonous Vapours        Pois/Air       50%        N/A       2%          2
 Volatile Blastmotes      Fire/Tloc      58%        2d14      2%          3
 Cigotuvi's Dreadful Rot  Necr/Pois/Air  40%        N/A       3%          2
 Confusing Touch          Hex            23%        N/A       5%          3
 Sigil of Binding         Hex            23%        N/A       5%          3
 Apportation              Tloc           22%        N/A       6%          1
 Necrotise                Necr           44%        1d6       6%          1
 Sting                    Tmut/Pois      44%        1d5       6%          1
 Passwall                 Tmut/Erth      10%        N/A       8%          2
 Summon Ice Beast         Ice/Summ       39%        N/A       13%         4
 Vampiric Draining        Necr           11%        2d6       19%         3
 Animate Dead             Necr           11%        N/A       52%         4
 Dispel Undead            Necr           11%        3d9       52%         4
 Olgreb's Toxic Radiance  Pois           11%        N/A       52%         4
 Lee's Rapid Deconstruct  Erth           7%         3d7*      73%         5
 Agony                    Necr           11%        N/A       86%         5
 Alistair's Intoxication  Tmut/Pois      7%         N/A       86%         5
 Simulacrum               Ice/Necr       17%        N/A       95%         6
 Ozocubu's Refrigeration  Ice            26%        4d13      98%         7
 Death Channel            Necr           5%         N/A       100%        6
 Haunt                    Necr/Summ      6%         N/A       100%        7
 Infestation              Necr           5%         N/A       100%        8
 Lehudib's Crystal Spear  Conj/Erth      17%        10d5      100%        8
 Polar Vortex             Ice            26%        12d3*     100%        9


Dungeon Overview and Level Annotations

Branches:
Dungeon (10/15)            Temple (1/1) D:5            Lair (5/5) D:10
 Shoals (0/4) Lair:3        Snake (0/4) Lair:3        Slime (0/5) Lair:5
Volcano (visited)
    Orc: D:9-12

Altars:
Ashenzari
Cheibriados
Dithmenos
Elyvilon
Fedhas
Gozag
Hepliaklqana
Kikubaaqudgha
Makhleb
Nemelex Xobeh
Okawaru
Qazlal
Ru
Sif Muna
Trog
Uskayaw
Vehumet
Wu Jian
Xom
Yredelemnul
Zin
The Shining One
Jiyva

Shops:
D:1 *   D:10 (

Annotations:
D:8 2 transporters
D:9 2 transporters, exclusion: oklob plant, Dnvifnvgi's ghost, novice MiFi


Innate Abilities, Weirdness & Mutations

You cannot wear most types of armour.
You are amphibious.
You can wear up to eight rings at the same time.
Your skin changes colour to match your surroundings (Stealth+).
Your rubbery body absorbs attacks. (AC +1, EV +1)
((You are camouflaged when in or above water. (Stealth+)))
You have tentacles for arms and can constrict up to eight enemies at once.
One of your tentacles bears a spike.
You are agile. (Dex +4, Str/Int -1)
Your body sometimes deteriorates upon taking damage.


Message History

Confirm with . or Enter, or press ? or * to list all spells.
Casting: Flame Wave (dangerous; 1% risk of failure)
Press: ? - help, Dir - look around, f - activate A wave of flame ripples out!
The flame wave engulfs the elephant!
The elephant is severely wounded. (Press . to intensify the flame waves.)
You start to feel a little slower.
The elephant tramples you!
You stumble backwards!
Casting: Flame Wave (dangerous; 1% risk of failure)
Confirm with . or Enter, or press ? or * to list all spells.
Casting: Flame Wave (dangerous; 1% risk of failure)
Press: ? - help, Dir - look around, f - activate A wave of flame ripples out!
The flame wave engulfs the elephant.
The elephant is severely wounded. (Press . to intensify the flame waves.)
The elephant tramples you!
You stumble backwards!
Unknown command.
The elephant is no longer more vulnerable to fire.
You feel sluggish.
Aiming: Thunderbolt
Press: ? - help, Shift-Dir - straight line The thunderbolt hits the elephant!
Flame seeps out of the elephant.
The elephant is almost dead.
The elephant is engulfed in blazing flames.
Flame seeps out of the elephant.
Unknown command.
Aiming: Bolt of Light
Press: ? - help, Shift-Dir - straight line, f - elephant
Aim: an elephant (almost dead, inner flame, 100% to hit)
The bolt of light hits the elephant!
Sif Muna accepts your kill.
The elephant explodes!
The fiery explosion engulfs the elephant!!!
The elephant is severely wounded.
The fiery explosion engulfs the elephant!!!
You kill the elephant!
Sif Muna accepts your kill. The fiery explosion engulfs you!!!
Ouch! That really hurt!
You die...

......._................##
.......>..............###
....................###
#..###...###.......##
....#.....##.......##
#...#....###........#
#...................##
.....##..............#
#...#.##........@....#
#....###.....§§.†..###
#.#.## #.....§.§..##
##.#####.....○Y§..#
######.#........###
.##............##
..............##
..............#
..............#


You could see an elephant.

Vanquished Creatures
  The ghost of Talonman3 the Destroyer, a journeyman DrCj of Hepliaklqana (Lair:3)
  3 hydras
  A two-headed ogre (D:9)
  A death yak (D:10)
  A catoblepas (Lair:4)
  Sonja (Lair:4)
  Amaemon (Lair:1)
  A skyshark (Lair:4)
  A nameless horror (D:8)
  Pikel (D:6)
  A necromancer (Lair:2)
  6 elephants
  A water nymph (Lair:3)
  Maurice (D:8)
  An orange demon (Lair:1)
  3 black mambas
  2 cane toads (Lair:2)
  Maggie (D:9)
  Jeremiah (D:7)
  2 efreet (Volcano)
  A rime drake (Lair:1)
  5 komodo dragons
  A kobold demonologist (D:9)
  Prince Ribbit (D:6)
  2 polar bears
  2 hornets
  6 dream sheep (Lair:1)
  25 blink frogs
  A blink frog (shapeshifter) (D:10)
  2 slime creatures (Lair:5)
  A shadow (D:10)
  3 fire bats (Lair:3)
  2 wyverns
  4 fire elementals (Volcano)
  40 yaks
  2 steam dragons (D:7)
  2 vampire mosquitoes (D:10)
  6 basilisks
  A spectral cane toad (Lair:3)
  A hydra simulacrum (Lair:3)
  Duvessa (D:7)
  An acid dragon (D:9)
  2 nagas (Lair:3)
  13 water moccasins
  3 ice beasts
  3 orc warriors
  2 sky beasts (D:6)
  A black mamba simulacrum (Lair:3)
  2 ogres
  A black bear (D:10)
  24 wolves
  5 centaurs
  3 lemures
  2 kobold brigands
  7 bullfrogs
  A gnoll sergeant (D:10)
  4 wights (D:9)
  5 scorpions
  Dowan (D:7)
  A howler monkey (D:8)
  2 jellies (Lair:5)
  5 orc priests
  4 hounds
  A gnoll bouda (D:8)
  Crazy Yiuf (D:3)
  3 sleepcaps
  Ijyb (D:5)
  7 orc wizards
  2 iguanas
  11 hell rats (Lair:3)
  3 yak simulacra (Lair:2)
  A polar bear simulacrum (Lair:2)
  3 wolf simulacra (Lair:2)
  9 gnolls
  3 adders
  3 white imps
  2 worms
  3 dart slugs
  37 orcs
  7 endoplasms
  3 giant cockroaches
  8 goblins
  7 hobgoblins
  6 jackals
  8 kobolds
  A quokka (D:4)
  9 ball pythons
  6 bats
  6 frilled lizards
  3 rats
  4 river rat simulacra (Lair:2)
  A butterfly (Lair:3)
391 creatures vanquished.

Vanquished Creatures (collateral kills)
  An efreet (Volcano)
  A fire elemental (Volcano)
  A naga (Lair:3)
3 creatures vanquished.

Vanquished Creatures (others)
  702 foxfires
702 creatures vanquished.

Grand Total: 1096 creatures vanquished

Notes
Turn   | Place    | Note
-------+----------+-------------------------------------------
     0 | D:1      | Conn the Octopode Fire Elementalist began the quest for the
                  | Orb.
     0 | D:1      | Reached XP level 1. HP: 11/11 MP: 3/3
    13 | D:1      | Found Pimass's General Store.
   120 | D:1      | Reached XP level 2. HP: 17/17 MP: 0/5
   123 | D:1      | Learned a level 2 spell: Scorch
   410 | D:1      | Found a faded altar of an unknown god.
   703 | D:1      | Reached XP level 3. HP: 21/21 MP: 0/6
  1644 | D:2      | Reached XP level 4. HP: 27/27 MP: 5/8
  2041 | D:2      | Identified the +0 ring mail of Alanot {Harm rElec Str+6
                  | SInv}
  2589 | D:3      | Found a runed translucent door.
  2590 | D:3      | Noticed Crazy Yiuf
  2601 | D:3      | Learned a level 3 spell: Inner Flame
  2605 | D:3      | Killed Crazy Yiuf
  2606 | D:3      | Reached skill level 3 in Spellcasting
  2606 | D:3      | Reached XP level 5. HP: 31/31 MP: 3/9
  3038 | D:4      | Reached skill level 1 in Hexes
  3038 | D:4      | Found a glowing silver altar of Zin.
  3227 | D:4      | Reached XP level 6. HP: 28/36 MP: 1/10
  3849 | D:5      | Entered Level 5 of the Dungeon
  4024 | D:5      | Found a radiant altar of Vehumet.
  4149 | D:5      | Reached XP level 7. HP: 41/41 MP: 12/12
  4158 | D:5      | Found a staircase to the Ecumenical Temple.
  4186 | Temple   | Entered the Ecumenical Temple
  4207 | Temple   | Became a worshipper of Sif Muna the Loreminder
  4290 | D:5      | Noticed Ijyb
  4299 | D:5      | Learned a level 4 spell: Flame Wave
  4303 | D:5      | Killed Ijyb
  4620 | D:6      | Noticed Pikel
  4793 | D:6      | Reached skill level 4 in Spellcasting
  5257 | D:6      | Noticed Prince Ribbit
  5265 | D:6      | Killed Prince Ribbit
  5266 | D:6      | Reached skill level 5 in Stealth
  5266 | D:6      | Reached XP level 8. HP: 42/46 MP: 1/14
  5814 | D:7      | Learned a level 4 spell: Airstrike
  5868 | D:7      | You fall into a shaft and drop 3 floors!
  5868 | D:10     | Entered Level 10 of the Dungeon
  5925 | D:10     | Noticed a blink frog
  5930 | D:10     | Killed a blink frog
  5931 | D:10     | Reached skill level 5 in Spellcasting
  5931 | D:10     | Reached skill level 5 in Conjurations
  6023 | D:10     | Noticed a death yak
  6023 | D:10     | Noticed a yak
  6023 | D:10     | Noticed a yak
  6023 | D:10     | Noticed a yak
  6024 | D:10     | Found a staircase to the Lair.
  6185 | D:10     | Noticed a +0 dagger
  6186 | D:10     | Found a hide-covered altar of Uskayaw.
  6186 | D:10     | Noticed a +0 dagger
  6230 | D:8      | Noticed Maurice
  6236 | D:8      | Killed Maurice
  6237 | D:8      | Reached skill level 5 in Fire Magic
  6237 | D:8      | Reached skill level 1 in Air Magic
  6237 | D:8      | Reached skill level 1 in Invocations
  6237 | D:8      | Reached XP level 9. HP: 31/51 MP: 5/17
  6497 | D:8      | Noticed a green ugly thing
  6502 | D:8      | Noticed a five-headed hydra
  6986 | D:8      | Found a transporter.
  6986 | D:8      | Found a transporter.
  7122 | D:7      | Found a snail-covered altar of Cheibriados.
  7200 | D:7      | Reached * piety under Sif Muna
  7209 | D:7      | Reached skill level 6 in Spellcasting
  7372 | D:7      | Reached skill level 5 in Dodging
  7652 | D:7      | Noticed Jeremiah
  7670 | D:7      | Killed Jeremiah
  7800 | D:7      | Noticed Dowan
  7801 | D:7      | Noticed Duvessa
  7804 | D:7      | Killed Dowan
  7807 | D:7      | Killed Duvessa
  7837 | D:7      | Reached XP level 10. HP: 40/56 MP: 6/19
  7969 | D:7      | Found an ornate altar of the Wu Jian Council.
  7972 | D:7      | Found a hazy altar of Hepliaklqana.
  7975 | D:7      | Found a shadowy altar of Dithmenos.
  8157 | D:7      | Learned a level 4 spell: Summon Lightning Spire
  8171 | D:6      | Killed Pikel
  8471 | D:6      | Reached skill level 7 in Spellcasting
  9015 | D:8      | Identified the staff of Rubbish {rElec rC+ Ice}
  9134 | D:8      | Noticed a deep elf pyromancer
  9233 | D:9      | Noticed Maggie
  9241 | D:9      | Noticed a nameless horror
  9253 | D:8      | Killed a nameless horror
  9378 | D:9      | Killed Maggie
  9391 | D:9      | Noticed a two-headed ogre
  9397 | D:9      | Killed a two-headed ogre
  9398 | D:9      | Reached skill level 1 in Ice Magic
  9766 | D:9      | Noticed a kobold demonologist
  9780 | D:9      | Killed a kobold demonologist
 10243 | D:9      | Found a transporter.
 10243 | D:9      | Found a transporter.
 10248 | D:9      | Noticed Dnvifnvgi's ghost (novice MiFi)
 10252 | D:9      | Noticed a two-headed ogre
 10252 | D:9      | Noticed a manticore
 10252 | D:9      | Noticed a death knight
 10261 | D:9      | Noticed an oklob plant
 10266 | D:9      | Noticed a cyclops
 10286 | D:9      | Noticed a salamander
 10316 | D:9      | a dream sheep changed into a deep troll
 10316 | D:9      | Noticed a deep troll (shapeshifter)
 10522 | D:9      | Noticed a guardian serpent
 10532 | D:9      | a guardian serpent changed into a harpy
 10532 | D:9      | Noticed a harpy (shapeshifter)
 10678 | D:9      | Reached ** piety under Sif Muna
 10843 | D:9      | Gained mutation: You have hidden genetic defects. [potion
                  | of mutation]
 10843 | D:9      | Gained mutation: You sometimes lose your temper in combat.
                  | [potion of mutation]
 10843 | D:9      | Gained mutation: You are weak. (Str -2) [potion of
                  | mutation]
 10843 | D:9      | Lost mutation: You have hidden genetic defects. [potion of
                  | mutation]
 10844 | D:9      | Lost mutation: You are weak. (Str -2) [potion of mutation]
 10844 | D:9      | Lost mutation: You sometimes lose your temper in combat.
                  | [potion of mutation]
 10844 | D:9      | Gained mutation: You are agile. (Dex +4, Str/Int -1)
                  | [potion of mutation]
 10844 | D:9      | Gained mutation: One of your tentacles bears a spike.
                  | [potion of mutation]
 10844 | D:9      | Gained mutation: Your body sometimes deteriorates upon
                  | taking damage. [potion of mutation]
 11082 | D:10     | Reached XP level 11. HP: 61/61 MP: 14/22
 11090 | D:10     | Reached skill level 8 in Spellcasting
 11472 | D:10     | Killed a death yak
 11473 | D:10     | Reached skill level 5 in Invocations
 11652 | D:10     | Found Kafesk's Antique Weapon Emporium.
 12646 | Lair:1   | Entered Level 1 of the Lair of Beasts
 12745 | Lair:1   | Noticed a catoblepas
 12765 | Lair:1   | Noticed Amaemon
 12828 | Lair:1   | Killed Amaemon
 12829 | Lair:1   | Reached skill level 5 in Air Magic
 13048 | Lair:1   | Reached skill level 9 in Spellcasting
 13115 | Lair:1   | Reached *** piety under Sif Muna
 13124 | Lair:1   | Reached XP level 12. HP: 42/66 MP: 3/25
 15011 | Lair:2   | Noticed a seven-headed hydra
 15018 | Lair:2   | Killed a seven-headed hydra
 15156 | Lair:2   | Identified a scroll of acquirement
 15156 | Lair:2   | Acquired 914 gold pieces
 15264 | Lair:2   | Reached skill level 5 in Ice Magic
 15754 | Lair:3   | Reached **** piety under Sif Muna
 15902 | Lair:3   | Reached skill level 10 in Spellcasting
 16174 | Lair:3   | Noticed a four-headed hydra
 16181 | Lair:3   | Killed a four-headed hydra
 16182 | Lair:3   | Reached XP level 13. HP: 71/71 MP: 0/27
 16285 | Lair:3   | Found a runed translucent gate.
 16285 | Lair:3   | Found a runed translucent gate.
 16285 | Lair:3   | Found a runed translucent gate.
 16287 | Lair:3   | Noticed Talonman3's ghost (journeyman DrCj)
 16343 | Lair:3   | Found a dark tunnel.
 16356 | Volcano  | Entered a volcano
 16974 | Lair:3   | Found a staircase to the Shoals.
 16979 | Lair:3   | Learned a level 3 spell: Hailstorm
 16983 | Lair:3   | Learned a level 3 spell: Swiftness
 17488 | Lair:3   | Found a staircase to the Snake Pit.
 17861 | Lair:3   | Killed Talonman3's ghost
 18084 | Lair:4   | HP: 3/106 [yak (9)]
 18334 | Lair:4   | Reached skill level 1 in Evocations
 18486 | Lair:4   | Reached skill level 10 in Conjurations
 18698 | Lair:4   | Noticed Sonja
 18702 | Lair:4   | Killed Sonja
 18976 | Lair:4   | Reached ***** piety under Sif Muna
 19228 | Lair:4   | Identified Sif Muna's Verses on Subzero Amathomancy (Sif
                  | Muna gifted it to you on level 4 of the Lair of Beasts)
 19228 | Lair:4   | Received a gift from Sif Muna
 19247 | Lair:4   | Learned a level 3 spell: Ozocubu's Armour
 19251 | Lair:4   | Learned a level 3 spell: Stone Arrow
 19404 | Lair:5   | Entered Level 5 of the Lair of Beasts
 19619 | Lair:5   | Found a staircase to the Slime Pits.
 19619 | Lair:5   | Found a viscous altar of Jiyva.
 19842 | Lair:5   | Reached skill level 11 in Spellcasting
 20291 | Lair:5   | Reached skill level 1 in Summonings
 20291 | Lair:5   | Reached skill level 1 in Earth Magic
 20413 | Lair:5   | Killed by an exploding elephant... ignited by their inner
                  | flame

Illustrated notes

Levels and vault maps discovered:
D:1:      wander_arrival_chamber, layout_rooms, serial_shops, shop,
          shapermc_ecumenical_altar_acropolis, chequers_serial_rivers_micro_e,
          grunt_decor_resistance
D:2:      wander_river, layout_loops_corners
D:3:      layout_basic, chequers_serial_rivers_room_a, minmay_misc_feat_five,
          uniq_crazy_yiuf_cottage
D:4:      layout_basic, overflow_temple_1_default
D:5:      layout_loops_ring, amcnicky_altar_gilded,
          minmay_temple_entry_sparse_star, nrook_mini_backslash, uniq_ijyb
D:6:      layout_basic, minivault_27, hangedman_decor_growths,
          kb_lookout_dungeons_type, uniq_prince_ribbit1, uniq_pikel
D:7:      layout_gridville, grunt_temple_overflow_diamond,
          cheibrodos_worm_habitat, uniq_duvessa, uniq_jeremiah
D:8:      gammafunk_the_bubble [the_bubble_gammafunk_plus_minus], layout_basic,
          uniq_maurice
D:9:      minmay_evil_eye, layout_basic, nzn_ghost_randoct,
          grunt_decor_mini_mirrors, uniq_maggie
D:10:     minmay_general_purpose_star, layout_stronghold,
          dancing_weapons_uskayaw, david_lair_generic, serial_shops, shop
Temple:   nicolae_temple_superstar
Lair:1:   layout_roguey, st_stairs_13, uniq_amaemon
Lair:2:   layout_regular_city, eino_house_with_fridge
Lair:3:   layout_regular_city, nicolae_shoals_entry_flooding,
          nicolae_snake_entry_squirm, gammafunk_ghost_necromancy,
          nicolae_volcano_entry_batcave, lemuel_fruit_fields
Lair:4:   layout_regular_city, st_stairs_13, kennysheep_catoblepas_arena,
          uniq_sonja
Lair:5:   cheibrodos_lair_end_hotspot, layout_regular_city,
          minmay_slime_entry_pillars

Skill      XL: |  1  2  3  4  5  6  7  8  9 10 11 12 13 |
---------------+----------------------------------------+-----
Stealth        | 3 4 5 6 |  6.0
Conjurations   | 2 3 4 5 7 8 9 10 | 10.4
Spellcasting   | 3 4 5 6 7 9 10 11 | 11.0
Hexes          | 1 2 3 |  3.0
Dodging        | 3 4 5 6 7 8 |  8.3
Fire Magic     | 4 5 6 7 8 9 |  9.1
Air Magic      | 1 2 4 5 6 7 |  7.2
Invocations    | 1 3 4 5 7 8 |  8.8
Ice Magic      | 2 3 5 6 |  6.4
Evocations     | 2 |  2.4
Summonings     | 1 |  1.1
Earth Magic    | 1 |  1.1

Action                     |  1- 3 |  4- 6 |  7- 9 | 10-12 | 13-15 || total
---------------------------+-------+-------+-------+-------+-------++-------
  Melee: Unarmed           |     4 |       |       |       |       ||     4
         Constrict         |     3 |    14 |    17 |     8 |     3 ||    45
         Tentacles         |     3 |    13 |    20 |    71 |    16 ||   123
         Dagger            |     6 |    52 |    63 |   133 |       ||   254
         Punch             |       |     1 |       |     6 |     2 ||     9
         Staff             |       |       |       |    52 |    44 ||    96
         Kick              |       |       |       |    24 |    13 ||    37
   Cast: Foxfire           |    75 |    45 |    82 |   105 |    98 ||   405
         Scorch            |       |    18 |    46 |   101 |    43 ||   208
         Inner Flame       |       |     1 |    24 |    36 |     8 ||    69
         Flame Wave        |       |       |     6 |    56 |    36 ||    98
         Airstrike         |       |       |       |     2 |    39 ||    41
         Summon Lightning  |       |       |       |       |     6 ||     6
         Swiftness         |       |       |       |       |     1 ||     1
 Invoke: Channel Magic     |       |       |     1 |     3 |     4 ||     8
  Evoke: Wand              |       |       |       |     3 |     1 ||     4
         Lightning rod     |       |       |       |       |     1 ||     1
    Use: Scroll            |       |       |       |    18 |     8 ||    26
         Potion            |       |       |       |     7 |     3 ||    10
   Stab: Sleeping          |       |     5 |     6 |     2 |     1 ||    14
 Armour: Skin              |     5 |    31 |    67 |   186 |   142 ||   431
  Dodge: Dodged            |    18 |    48 |    61 |   239 |   107 ||   473

Table legend: (Time is in decaauts)
 A = Elapsed time spent in this place.
 B = Non-inter-level travel time spent in this place.
 C = Inter-level travel time spent in this place.
 D = Time resting spent in this place.
 E = Time spent auto-exploring this place.
 F = Levels seen in this place.
 G = Mean time per level.
                   A        B        C        D        E       F      G
               +--------+--------+--------+--------+--------+-----+--------+
         Total |  20432 |  20045 |    387 |   2690 |  12477 |  17 | 1201.9 |
       Dungeon |  12610 |  12353 |    257 |   1310 |   8123 |  10 | 1261.0 |
        Temple |     42 |     21 |     21 |      0 |      0 |   1 |   42.0 |
          Lair |   7385 |   7276 |    109 |   1139 |   4354 |   5 | 1477.0 |
       Volcano |    393 |    393 |      0 |    241 |      0 |   1 |  393.0 |
               +--------+--------+--------+--------+--------+-----+--------+

Top non-repeatable levels by time:
    D:10: 2068 daAuts
  Lair:3: 1871 daAuts
  Lair:1: 1716 daAuts
  Lair:2: 1703 daAuts
     D:6: 1554 daAuts
     D:9: 1432 daAuts
     D:8: 1384 daAuts
  Lair:4: 1375 daAuts
     D:7: 1363 daAuts
     D:2: 1152 daAuts
     D:5: 960 daAuts
     D:1: 956 daAuts
     D:3: 917 daAuts
     D:4: 819 daAuts
  Lair:5: 716 daAuts
